 Dungeon Crawl Stone Soup version 0.31-a0-236-g9a0961fb85 (webtiles) character file.

Game seed: 6767940095714643477

64 qw the Shooter (level 4, -4/26 HPs)
             Began as a Gargoyle Hexslinger on July 10, 2023.
             Slain by an orc
             ... wielding a +2 vampiric trident
              (7 damage)
             ... on level 3 of the Dungeon.
             The game lasted 00:00:41 (1920 turns).

qw the Shooter (Gargoyle Hexslinger)                Turns: 1920, Time: 00:00:42

Health: -4/26      AC:  8    Str: 11    XL:     4   Next: 12%
Magic:  5/5        EV: 10    Int: 14    God:
Gold:   110        SH:  0    Dex: 14    Spells: 4/5 levels left

rFire   . . .        c - +0 sling (heavy)
rCold   . . .        (no shield)
rNeg    + + .        m - +0 ring mail
rPois   inf          (no helmet)
rElec   +            (no cloak)
rCorr   .            (no gloves)
SInv    .            (no boots)
Will    .....        (no amulet)
Stlth   +            l - ring of positive energy
HPRegen 0.24/turn    (no ring)
MPRegen 0.09/turn

%: no passive effects
@: no status effects
A: sickness immunity, AC +3, negative energy resistance 1, electricity
resistance, torment resistance 1, petrification resistance
a: no special abilities


You were on level 3 of the Dungeon.
You visited 1 branch of the dungeon, and saw 3 of its levels.

You collected 110 gold pieces.


Innate Abilities, Weirdness & Mutations

You are immune to sickness and miasma.
Your stone body is resilient. (AC +3)
You are immune to poison.
You resist negative energy. (rN+)
You are resistant to electric shocks. (rElec)
You are resistant to unholy torment.
You are immune to petrification.


   Skills:
 - Level 2.0 Fighting
 + Level 3.9 Ranged Weapons
 - Level 1.5 Dodging
 - Level 1.0 Spellcasting
 - Level 2.6 Hexes


You had 4 spell levels left.
You knew the following spells:

 Your Spells              Type           Power      Damage    Failure   Level
a - Slow                  Hex            32%        N/A       22%         1

Your spell library contained the following spells:

 Spells                   Type           Power      Damage    Failure   Level
 Inner Flame              Hex/Fire       4%         N/A       73%         3
 Portal Projectile        Hex/Tloc       8%         N/A       73%         3
 Cause Fear               Hex            4%         N/A       91%         4

Inventory:

Hand Weapons
 c - a +0 heavy sling (weapon)
Armour
 m - a +0 ring mail (worn)
Jewellery
 l - a ring of positive energy (left hand)
Scrolls
 a - a scroll of identify
 d - a scroll of fear {unknown}
Potions
 b - a potion of might {unknown}
 e - a potion of curing {unknown}
 f - a potion of degeneration {unknown}
 j - a potion of berserk rage {unknown}

Dungeon Overview and Level Annotations

Branches:
Dungeon (3/15)

Altars:
Ru


Message History

The orc moves out of view.
You shoot a sling bullet.
The sling bullet completely misses the orc.
The endoplasm quivers.
An orc comes into view. It is wielding a +2 vampiric trident.
You shoot a sling bullet. The sling bullet hits the orc.
The orc is almost dead.
An orc wizard comes into view. It is wielding a +0 dagger.
The orc hits you with a +0 flail.
You shoot a sling bullet. The orc shouts!
The orc wizard shouts!
The sling bullet hits the orc.
You kill the orc!
A hobgoblin comes into view.
The orc barely misses you. x2
You shoot a sling bullet. The hobgoblin shouts!
The sling bullet hits the orc but does no damage.
The endoplasm barely misses you. The orc barely misses you.
The orc hits you from afar with a +2 vampiric trident.
The endoplasm hits you but does no damage.
The orc closely misses you.
You shoot a sling bullet.
The sling bullet hits the orc but does no damage.
The endoplasm closely misses you.
A hobgoblin comes into view.
The orc barely misses you.
The orc hits you from afar with a +2 vampiric trident.
The orc hits you from afar with a +2 vampiric trident!
The endoplasm hits you but does no damage.
You shoot a sling bullet.
The sling bullet barely misses the orc wizard.
The hobgoblin shouts!
The sling bullet hits the orc.
The orc is lightly wounded.
The endoplasm hits you but does no damage.
The orc wizard barely misses you. The orc hits you with a +0 flail.
The orc barely misses you. The orc hits you with a +0 flail.
The orc hits you from afar with a +2 vampiric trident!
You die...

........##...#....
#........####)#....
#.#....##..........
....... #..........
###.#...###..........
... ..............
######.#######..........
......o........##.#..###
......o@######.##.##.###
......Jo######.#........
..g..og..............>..
........######..........
........# ###........
........# #......%.
.....$..# #........
........# #........
#........


You could see an orc wizard, 3 orcs, an endoplasm and 2 hobgoblins.

Vanquished Creatures
  A worm (D:2)
  5 dart slugs (D:1)
  An orc (D:3)
  2 endoplasms (D:1)
  2 giant cockroaches (D:1)
  9 goblins
  7 hobgoblins
  A jackal (D:1)
  2 kobolds
  3 ball pythons
  6 bats
  6 frilled lizards
  3 rats
48 creatures vanquished.

Notes
Turn   | Place    | Note
-------+----------+-------------------------------------------
     0 | D:1      | qw the Gargoyle Hexslinger began the quest for the Orb.
     0 | D:1      | Reached XP level 1. HP: 12/12 MP: 2/2
     0 | D:1      | 0 ||| qw: Version: 0.3-a-51-g015441d
     0 | D:1      | 0 ||| qw: Game counter: 4474
     0 | D:1      | 0 ||| qw: Melee chars always use a shield: true
     0 | D:1      | 0 ||| qw: God list: Okawaru
     0 | D:1      | 0 ||| qw: Allow faded altars: false
     0 | D:1      | 0 ||| qw: Do Orc after clearing Dungeon:15 true
     0 | D:1      | 0 ||| qw: Do second Lair branch before Depths: true
     0 | D:1      | 0 ||| qw: Lair rune preference: random
     0 | D:1      | 0 ||| qw: Goals: Normal
     0 | D:1      | 0 ||| PLANNING D:1-11
    55 | D:1      | Reached XP level 2. HP: 16/16 MP: 3/3
   144 | D:1      | Reached skill level 3 in Ranged Weapons
   375 | D:1      | Found a faded altar of an unknown god.
   483 | D:1      | Reached XP level 3. HP: 21/21 MP: 4/4
   988 | D:1      | 988 ||| UPGRADING to +0 ring mail.
   998 | D:1      | 998 ||| DROPPING +0 robe.
   999 | D:1      | 999 ||| DROPPING ring of magical power.
  1000 | D:1      | 1000 ||| UPGRADING to ring of positive energy.
  1001 | D:1      | 1001 ||| READING scroll labelled OFOEMI NALI.
  1002 | D:1      | 1002 ||| READING 2 scrolls labelled GODEEGHICA.
  1003 | D:1      | 1003 ||| READING scroll labelled YBRA DUVVOSEBY.
  1004 | D:1      | 1004 ||| READING scroll labelled LOXEUM IXUG.
  1005 | D:1      | 1005 ||| DRINKING 2 cyan potions.
  1006 | D:1      | 1006 ||| DRINKING 2 glowing brown potions.
  1007 | D:1      | 1007 ||| DROPPING scroll of poison.
  1008 | D:1      | 1008 ||| DROPPING scroll of blinking.
  1009 | D:1      | 1009 ||| DROPPING potion of brilliance.
  1252 | D:2      | Found a sacrificial altar of Ru.
  1358 | D:2      | HP: 4/21 [goblin/sling bullet (5)]
  1359 | D:2      | 1359 ||| DRINKING potion of heal wounds.
  1410 | D:2      | 1410 ||| SWAPPING to +0 heavy sling.
  1411 | D:2      | 1411 ||| DROPPING +1 sling.
  1776 | D:2      | 1776 ||| READING scroll labelled JAPEIKL BENKU.
  1830 | D:3      | Reached XP level 4. HP: 26/26 MP: 5/5
  1920 | D:3      | HP: 3/26 [orc/+0 flail (4)]
  1920 | D:3      | Slain by an orc

Levels and vault maps discovered:
D:1:      minmay_arrival_four_loops, layout_loops_corners,
          shapermc_ecumenical_altar_gd, minmay_hexomino_u4
D:2:      layout_basic, basic_altar, hangedman_feature_mirror
D:3:      layout_basic, serial_shops, nicolae_shop_real_fake_doors,
          chequers_serial_rivers_micro_d, minmay_curled_crystal

Skill      XL: |  1  2  3 |
---------------+----------+-----
Ranged Weapons | 3 |  3.9
Fighting       | 2 |  2.0
Dodging        | |  1.5
Spellcasting   | |  1.0
Hexes          | |  2.6

Action                     |  1- 3 |  4- 6 || total
---------------------------+-------+-------++-------
   Fire: Sling             |   124 |    19 ||   143
    Use: Scroll            |     5 |       ||     5
         Potion            |     3 |       ||     3
 Armour: Robe              |    14 |       ||    14
         Ring mail         |     9 |    12 ||    21
  Dodge: Dodged            |    45 |    15 ||    60

Table legend:
 A = Non-vault XP
 B = Vault XP
 C = Vault XP percentage of total XP
 D = Non-vault monster count
 E = Vault monster count
 F = Vault count percentage of total count
                 A         B        C        D         E       F
            +---------+---------+-------+---------+---------+-------
      Total |      76 |      16 |  17.4 |      41 |       7 |  14.6
            +---------+---------+-------+---------+---------+-------
        D:1 |      38 |      16 |  29.6 |      18 |       7 |  28.0
        D:2 |      27 |       0 |   0.0 |      15 |       0 |   0.0
        D:3 |      11 |       0 |   0.0 |       8 |       0 |   0.0
            +---------+---------+-------+---------+---------+-------
